General information
- name: BNet
- type: Ladder team game (AT/RT)
- host: Battle.net
- saver: hotdogPIZZA1
map: TwistedMeadows
- players: 4
- length: 53:24
- speed: Fast
- version: 1.26 W3XP
- replay type:

» download(290 KB)
Players
team 1 (winner)
hotdogPIZZA1 (
orange | 120 APM | 6429 actions | 53:24)
7 Archmage
3 Blizzard
3 Brilliance Aura
1 Mass Teleport
6 Mountain King
2 Bash
3 Storm Bolt
1 Avatar
5 Paladin
3 Holy Light
2 Divine Shield
» actions
| Assign group hotkey | 17 | |
| Basic commands | 40 | |
| Build / train | 171 | |
| Enter build submenu | 91 | |
| Enter hero's abilities submenu | 20 | |
| Give item / drop item | 12 | |
| Remove unit from queue | 3 | |
| Right click | 3664 | |
| Select / deselect | 987 | |
| Select group hotkey | 965 | |
| Use ability | 457 | |
6429 total
» units
| Peasant | 28 | |
| Goblin Shredder | 2 | |
| Goblin Zeppelin | 4 | |
| Priest | 1 | |
| Sorceress | 1 | |
| Dragonhawk Rider | 11 | |
| Gryphon Rider | 2 | |
49 total
» upgrades
| Masonry | 3 | |
| Lumber Harvesting | 2 | |
| Magic Sentry | 1 | |
| Priest Training | 2 | |
| Sorceress Training | 2 | |
| Cloud | 1 | |
| Swords | 3 | |
| Armor | 3 | |
| Animal War Training | 1 | |
| Backpack | 1 | |
| Storm Hammers | 1 | |
20 total
» buildings
| Altar of Kings | 1 | |
| Farm | 8 | |
| Lumber Mill | 1 | |
| Arcane Vault | 4 | |
| Scout Tower | 139 | |
| Arcane Tower | 9 | |
| Guard Tower | 40 | |
| Keep | 1 | |
| Town Hall | 3 | |
| Castle | 1 | |
| Arcane Sanctum | 1 | |
| Gryphon Aviary | 3 | |
| Blacksmith | 1 | |
| Barracks | 1 | |
213 total
» build order
00:08 Altar of Kings
00:18 Farm
00:34 Lumber Mill
00:38 Farm
01:06 Arcane Vault
01:44 Scout Tower
01:47 Scout Tower
02:13 Arcane Tower
03:17 Guard Tower
03:18 Scout Tower
03:19 Scout Tower
03:24 Scout Tower
03:49 Guard Tower
03:51 Scout Tower
03:51 Scout Tower
03:54 Scout Tower
04:07 Guard Tower
04:22 Guard Tower
05:44 Guard Tower
05:48 Keep
06:20 Town Hall
06:25 Scout Tower
06:36 Scout Tower
06:39 Scout Tower
07:02 Arcane Tower
07:33 Guard Tower
07:35 Scout Tower
07:37 Scout Tower
07:59 Scout Tower
08:00 Scout Tower
08:02 Scout Tower
08:02 Scout Tower
08:03 Scout Tower
08:03 Scout Tower
08:04 Scout Tower
08:04 Scout Tower
08:12 Guard Tower
08:14 Scout Tower
08:14 Scout Tower
08:15 Scout Tower
08:45 Guard Tower
09:09 Guard Tower
11:22 Guard Tower
11:24 Scout Tower
11:24 Scout Tower
11:25 Scout Tower
11:25 Scout Tower
11:31 Guard Tower
11:42 Castle
12:16 Scout Tower
12:17 Scout Tower
12:18 Scout Tower
12:18 Scout Tower
12:19 Scout Tower
12:20 Scout Tower
13:23 Scout Tower
13:26 Scout Tower
13:30 Arcane Vault
13:32 Guard Tower
13:53 Arcane Tower
14:00 Scout Tower
14:01 Scout Tower
14:01 Scout Tower
14:02 Scout Tower
14:03 Scout Tower
14:04 Scout Tower
14:05 Scout Tower
14:05 Scout Tower
14:15 Farm
14:18 Farm
14:39 Guard Tower
15:04 Arcane Sanctum
15:20 Scout Tower
15:21 Arcane Vault
15:32 Guard Tower
15:53 Guard Tower
16:02 Farm
17:37 Scout Tower
17:38 Scout Tower
17:38 Scout Tower
17:39 Scout Tower
17:39 Scout Tower
17:39 Scout Tower
17:42 Scout Tower
17:43 Scout Tower
17:44 Scout Tower
17:45 Scout Tower
19:24 Guard Tower
19:38 Scout Tower
19:39 Scout Tower
21:33 Guard Tower
21:35 Scout Tower
21:36 Scout Tower
21:37 Scout Tower
21:37 Scout Tower
21:38 Scout Tower
21:38 Scout Tower
21:39 Scout Tower
21:41 Scout Tower
21:46 Arcane Vault
22:11 Town Hall
22:14 Scout Tower
22:15 Scout Tower
22:15 Scout Tower
22:16 Scout Tower
22:17 Scout Tower
22:17 Scout Tower
22:18 Scout Tower
22:18 Scout Tower
22:20 Scout Tower
22:20 Scout Tower
22:21 Scout Tower
22:22 Scout Tower
22:22 Scout Tower
22:23 Scout Tower
22:23 Scout Tower
22:24 Scout Tower
22:27 Arcane Tower
22:27 Guard Tower
22:29 Scout Tower
22:29 Scout Tower
22:30 Scout Tower
22:31 Scout Tower
22:32 Scout Tower
22:32 Scout Tower
22:33 Scout Tower
22:56 Arcane Tower
22:56 Guard Tower
22:56 Guard Tower
23:27 Arcane Tower
23:27 Guard Tower
23:28 Guard Tower
24:32 Town Hall
24:35 Arcane Tower
24:43 Guard Tower
24:48 Guard Tower
24:53 Scout Tower
24:54 Scout Tower
24:55 Scout Tower
24:55 Scout Tower
24:56 Scout Tower
24:56 Scout Tower
24:57 Scout Tower
25:14 Scout Tower
25:15 Scout Tower
25:16 Scout Tower
25:16 Scout Tower
25:17 Scout Tower
25:17 Scout Tower
25:18 Scout Tower
25:19 Scout Tower
25:20 Scout Tower
25:20 Scout Tower
25:21 Scout Tower
25:22 Scout Tower
25:22 Scout Tower
25:23 Scout Tower
25:24 Scout Tower
25:24 Scout Tower
27:55 Guard Tower
28:00 Guard Tower
28:03 Arcane Tower
28:03 Guard Tower
29:12 Guard Tower
30:00 Gryphon Aviary
30:00 Gryphon Aviary
30:03 Gryphon Aviary
30:06 Blacksmith
30:09 Barracks
31:39 Farm
32:45 Farm
32:46 Farm
33:57 Scout Tower
33:58 Scout Tower
33:59 Scout Tower
34:01 Scout Tower
34:02 Scout Tower
34:02 Scout Tower
34:03 Scout Tower
34:03 Scout Tower
34:57 Scout Tower
35:26 Guard Tower
35:39 Guard Tower
37:33 Guard Tower
37:34 Scout Tower
37:35 Scout Tower
37:36 Scout Tower
37:36 Scout Tower
37:37 Scout Tower
37:37 Scout Tower
37:49 Scout Tower
37:49 Scout Tower
37:51 Scout Tower
37:56 Scout Tower
37:57 Scout Tower
40:41 Scout Tower
40:42 Scout Tower
40:42 Scout Tower
40:43 Scout Tower
40:45 Scout Tower
40:45 Scout Tower
40:46 Scout Tower
40:46 Scout Tower
41:21 Guard Tower
41:22 Guard Tower
41:22 Guard Tower
41:37 Guard Tower
42:03 Guard Tower
42:15 Guard Tower
42:38 Guard Tower
» items
| Scroll of Regeneration | 2 | |
| Boots of Speed | 3 | |
| Staff of Teleportation | 3 | |
| Healing Salve | 3 | |
| Lesser Clarity Potion | 3 | |
| Potion of Healing | 1 | |
| Orb of Lightning | 2 | |
| Staff of Sanctuary | 4 | |
| Scroll of Healing | 1 | |
22 total
timg4strok (
green | 92 APM | 4938 actions | 53:23)
10 Blademaster
3 Wind Walk
3 Critical Strike
1 Bladestorm
3 Mirror Image
1 Mountain King
1 Storm Bolt
» actions
| Assign group hotkey | 30 | |
| Basic commands | 41 | |
| Build / train | 128 | |
| ESC pressed | 8 | |
| Enter build submenu | 41 | |
| Enter hero's abilities submenu | 11 | |
| Give item / drop item | 20 | |
| Right click | 3249 | |
| Select / deselect | 366 | |
| Select group hotkey | 800 | |
| Use ability | 243 | |
4938 total
» units
| Peon | 17 | |
| Troll Batrider | 58 | |
| Goblin Zeppelin | 3 | |
78 total
» upgrades
| Spiked Barricades | 1 | |
| Reinforced Defenses | 1 | |
| Liquid Fire | 1 | |
| Ranged Weapons | 3 | |
| Armor | 2 | |
8 total
» buildings
| Altar of Storms | 2 | |
| War Mill | 1 | |
| Orc Burrow | 6 | |
| Watch Tower | 24 | |
| Voodoo Lounge | 2 | |
| Stronghold | 4 | |
| Beastiary | 5 | |
| Fortress | 1 | |
45 total
» build order
00:04 Altar of Storms
00:09 War Mill
00:23 Orc Burrow
01:36 Watch Tower
02:01 Watch Tower
02:28 Voodoo Lounge
03:07 Watch Tower
03:23 Watch Tower
03:24 Watch Tower
03:31 Orc Burrow
03:56 Watch Tower
04:29 Watch Tower
06:01 Voodoo Lounge
06:04 Stronghold
06:17 Watch Tower
06:18 Watch Tower
08:08 Watch Tower
08:09 Watch Tower
08:12 Watch Tower
08:13 Watch Tower
09:02 Beastiary
09:02 Beastiary
09:03 Fortress
09:07 Watch Tower
09:08 Watch Tower
11:23 Watch Tower
11:25 Watch Tower
11:26 Watch Tower
11:33 Beastiary
11:42 Orc Burrow
11:43 Orc Burrow
18:02 Watch Tower
18:02 Watch Tower
18:03 Watch Tower
18:03 Watch Tower
18:04 Watch Tower
18:27 Watch Tower
30:45 Stronghold
30:45 Stronghold
31:58 Orc Burrow
31:59 Altar of Storms
33:29 Beastiary
33:31 Beastiary
34:06 Orc Burrow
» items
| Healing Salve | 7 | |
| Lesser Clarity Potion | 10 | |
| Boots of Speed | 1 | |
| Staff of Teleportation | 1 | |
| Circlet of Nobility | 1 | |
| Dust of Appearance | 1 | |
| Orb of Lightning | 1 | |
| Tiny Great Hall | 2 | |
24 total
team 2 (loser)

»
JaLiScO (
pink | 55 APM | 2639 actions | 48:15)
5 Demon Hunter
3 Mana Burn
2 Evasion
6 Priestess of the Moon
3 Trueshot Aura
2 Searing Arrows
1 Starfall
» actions
| Basic commands | 25 | |
| Build / train | 134 | |
| ESC pressed | 4 | |
| Enter build submenu | 38 | |
| Enter hero's abilities submenu | 12 | |
| Give item / drop item | 1 | |
| Remove unit from queue | 10 | |
| Right click | 1268 | |
| Select / deselect | 961 | |
| Use ability | 186 | |
2639 total
» units
| Wisp | 51 | |
| Archer | 18 | |
| Goblin Zeppelin | 3 | |
| Goblin Shredder | 1 | |
| Hippogryph | 13 | |
| Chimaera | 10 | |
96 total
» upgrades
| Strength of the Moon | 1 | |
| Improved Bows | 1 | |
| Strength of the Wild | 3 | |
| Reinforced Hides | 3 | |
| Corrosive Breath | 1 | |
9 total
» buildings
| Altar of Elders | 1 | |
| Moon Well | 8 | |
| Ancient of War | 2 | |
| Ancient of Wonders | 1 | |
| Tree of Ages | 1 | |
| Hunter's Hall | 1 | |
| Tree of Life | 3 | |
| Tree of Eternity | 2 | |
| Ancient Protector | 13 | |
| Ancient of Wind | 3 | |
| Chimaera Roost | 4 | |
39 total
» build order
00:06 Altar of Elders
00:18 Moon Well
01:26 Ancient of War
01:28 Ancient of War
01:41 Moon Well
02:00 Moon Well
02:16 Ancient of Wonders
04:15 Moon Well
05:44 Tree of Ages
07:36 Hunter's Hall
08:42 Tree of Life
09:05 Moon Well
11:31 Tree of Eternity
11:32 Tree of Eternity
13:16 Tree of Life
13:19 Ancient Protector
13:21 Ancient Protector
14:01 Ancient Protector
14:04 Ancient Protector
14:06 Ancient Protector
14:34 Ancient Protector
14:37 Ancient Protector
14:39 Ancient Protector
14:45 Ancient Protector
14:48 Ancient Protector
14:53 Ancient Protector
14:56 Ancient Protector
16:02 Ancient of Wind
16:19 Ancient of Wind
16:27 Ancient of Wind
17:18 Ancient Protector
17:44 Chimaera Roost
17:47 Chimaera Roost
19:01 Moon Well
19:03 Moon Well
19:07 Moon Well
21:10 Chimaera Roost
21:11 Chimaera Roost
25:37 Tree of Life
» items
| Potion of Healing | 1 | |
| Orb of Venom | 1 | |
2 total
Sahour (
yellow | 59 APM | 3147 actions | 53:23)
6 Warden
3 Shadow Strike
2 Blink
1 Spirit of Vengeance
1 Pandaren Brewmaster
1 Breath of Fire
» actions
| Assign group hotkey | 88 | |
| Basic commands | 162 | |
| Build / train | 151 | |
| ESC pressed | 5 | |
| Enter build submenu | 35 | |
| Enter hero's abilities submenu | 7 | |
| Give item / drop item | 3 | |
| Remove unit from queue | 1 | |
| Right click | 1464 | |
| Select / deselect | 825 | |
| Select group hotkey | 158 | |
| Use ability | 248 | |
3147 total
» units
| Wisp | 37 | |
| Archer | 1 | |
| Huntress | 7 | |
| Glaive Thrower | 6 | |
| Mountain Giant | 9 | |
| Goblin Zeppelin | 11 | |
| Druid of the Claw | 7 | |
| Chimaera | 2 | |
| Dryad | 10 | |
| Druid of the Talon | 7 | |
97 total
» upgrades
| Strength of the Moon | 1 | |
| Moon Armor | 1 | |
| Reinforced Hides | 3 | |
| Vorpal Blades | 1 | |
| Druid of the Claw Training | 2 | |
| Hardened Skin | 1 | |
| Resistant Skin | 1 | |
| Strength of the Wild | 3 | |
| Corrosive Breath | 1 | |
| Abolish Magic | 1 | |
| Druid of the Talon Training | 2 | |
17 total
» buildings
| Altar of Elders | 1 | |
| Moon Well | 8 | |
| Ancient of War | 1 | |
| Hunter's Hall | 1 | |
| Tree of Life | 5 | |
| Tree of Ages | 3 | |
| Ancient of Wonders | 1 | |
| Tree of Eternity | 1 | |
| Ancient of Lore | 1 | |
| Ancient Protector | 6 | |
| Ancient of Wind | 3 | |
| Chimaera Roost | 4 | |
35 total
» build order
00:04 Altar of Elders
00:15 Moon Well
00:40 Ancient of War
01:51 Hunter's Hall
02:10 Moon Well
02:50 Moon Well
04:14 Moon Well
04:23 Tree of Life
04:59 Moon Well
05:45 Tree of Ages
05:45 Tree of Ages
07:12 Ancient of Wonders
08:12 Tree of Eternity
08:43 Ancient of Lore
12:07 Ancient Protector
16:18 Moon Well
22:20 Tree of Life
22:25 Ancient of Wind
24:41 Chimaera Roost
24:43 Chimaera Roost
24:47 Chimaera Roost
24:50 Chimaera Roost
31:25 Moon Well
31:28 Moon Well
32:58 Tree of Life
42:34 Ancient of Wind
44:13 Ancient of Wind
50:33 Ancient Protector
50:35 Ancient Protector
50:36 Ancient Protector
50:38 Ancient Protector
50:41 Ancient Protector
51:09 Tree of Life
52:29 Tree of Life
» items
| Potion of Mana | 1 | |
| Potion of Healing | 3 | |
| Potion of Lesser Invulnerability | 2 | |
| Scroll of Town Portal | 2 | |
| Dust of Appearance | 1 | |
| Scroll of Healing | 2 | |
| Scroll of Protection | 1 | |
12 total
Chat log
(35:03 / All) hotdogPIZZA1: great
(36:32 / All) hotdogPIZZA1: wait
(36:32 / All) hotdogPIZZA1: where are you from
(36:36 / All) hotdogPIZZA1: brazil???
(37:10 / All) hotdogPIZZA1: : - )
(37:17 / All) hotdogPIZZA1: 150 gold
(48:28 / All) hotdogPIZZA1: yep
(51:33 / All) hotdogPIZZA1: brazil????